 Dungeon Crawl Stone Soup version 0.26.0-16-gc1dbca0489 (webtiles) character file.

Game seed: 4976025377198509351

570 Kejsarherre the Skirmisher (level 7, -6/46 HPs)
             Began as a Gargoyle Delver on Jan 18, 2021.
             Was a Follower of Okawaru.
             Killed by divine providence
             ... invoked by an orc priest
              (12 damage)
             ... on level 5 of the Dungeon.
             The game lasted 00:07:12 (2226 turns).

Kejsarherre the Skirmisher (Gargoyle Delver)        Turns: 2226, Time: 00:07:12

Health: -6/46      AC: 16    Str: 16    XL:     7   Next: 34%
Magic:  8/8        EV: 11    Int: 12    God:    Okawaru [*.....]
Gold:   180        SH:  5    Dex: 11    Spells: 6/6 levels left

rFire    . . .     SeeInvis .   a - +0 mace
rCold    . . .     Faith    .   (no shield)
rNeg     + . .     Spirit   .   k - +0 ring mail
rPois    ∞         Reflect  +   (no helmet)
rElec    +         Harm     .   j - +2 cloak
rCorr    .         Rampage  .   (no gloves)
Will     .....     Rnd*Tele +   (no boots)
Stlth    ++........             o - amulet of reflection
HPRegen  0.15/turn              h - +4 ring of protection
MPRegen  0.11/turn              m - ring of teleportation (curse)

@: hasted, very quick
A: negative energy resistance 1, electricity resistance, unbreathing,
petrification resistance, miasma immunity, AC +4
a: Renounce Religion, Heroism


You were on level 5 of the Dungeon.
You worshipped Okawaru.
Okawaru was aware of your devotion.
You visited 1 branch of the dungeon, and saw 4 of its levels.

You collected 180 gold pieces.

Inventory:

Hand Weapons
 a - a +0 mace (weapon)
Armour
 j - a +2 cloak (worn)
 k - a +0 ring mail (worn)
Jewellery
 h - a +4 ring of protection (left hand)
 m - a cursed ring of teleportation (right hand)
 o - an amulet of reflection (around neck)
Wands
 l - a wand of polymorph (5)
 s - a wand of acid (10)
Scrolls
 b - 2 scrolls of blinking
 c - 3 scrolls of fog
 d - a scroll of magic mapping
 e - a scroll of fear
 i - a scroll of teleportation
Potions
 g - 2 potions of attraction
 n - a potion of lignification
 p - a potion of ambrosia
 r - 2 potions of resistance


   Skills:
 - Level 6.0 Fighting
 + Level 5.8 Maces & Flails
 - Level 1.5 Dodging
 - Level 5.4 Stealth
 - Level 2.3 Invocations


You had 6 spell levels left.
You didn't know any spells.
Your spell library contained the following spells:

 Spells                   Type           Power        Failure   Level
 Magic Dart               Conj           0%           54%         1
 Blink                    Tloc           N/A          67%         2
 Call Imp                 Summ           0%           67%         2
 Slow                     Hex            0%           67%         2
 Conjure Flame            Conj/Fire      0%           88%         3
 Mephitic Cloud           Conj/Pois/Air  0%           88%         3


Dungeon Overview and Level Annotations

Branches:
Dungeon (5/15)             Temple (0/1) D:5

Altars:
Cheibriados
Makhleb
Nemelex Xobeh
Okawaru
Trog
Vehumet
Xom

Shops:
D:4 =


Innate Abilities, Weirdness & Mutations

You are resistant to torment.
Your stone body is resilient. (AC +4)
You are immune to poison.
You resist negative energy. (rN+)
You are resistant to electric shocks. (rElec)
You can survive without breathing.
You are immune to petrification.
You are immune to miasma.


Message History

The orc priest is heavily wounded.
The hound misses you.
The orc priest hits you but does no damage.
You barely miss the orc priest.
The orc priest is heavily wounded.
The hound closely misses you.
You hit the orc priest.
The orc priest is almost dead.
The hound bites you but does no damage. The orc priest barely misses you.
You sock the orc priest!
You kill the orc priest!
Okawaru accepts your kill. The hound barely misses you.
You barely miss the hound. You block the hound's attack.
The adder skeleton misses you. The hound barely misses you.
You sock the adder skeleton!
The adder skeleton is almost destroyed.
The orc priest mumbles some strange prayers to Beogh against you.
Beogh smites you!
You die...

**** *,,, **,*,
###########*****,,*,
#..........*,,,,,**,
#..........*,,,,,*,,
#..........*,,,,,**,
############.Z........*,,,,,*,,
#...........oh@.......*,,,,,***
#...........o#########**,***,,,
#.........$..# *,,,,,,,,,,,,
#............# *,,,,,,,,,,,,
#........o.o.# *,,,,,,,,,,,,
#............# *,,,,,,,,,,,,
#...........o# *,,,,,,,,,,,,
#..........ho# *,,,,,,,,,,,,
#............#** *,,,,,,,,,,,,


You could see a hound, an orc priest, an orc wizard, an orc and an adder
skeleton.

Vanquished Creatures
  2 eyes of draining (D:4)
  A centaur (D:5)
  An orc priest (D:5)
  A hound (D:4)
  2 centaur skeletons
  An iguana (D:4)
  2 worker ants (D:4)
  Robin (D:2)
  A river rat (D:5)
  4 adders
  An ooze (D:2)
  4 worms
  A dart slug (D:3)
  2 leopard geckos
  2 orcs (D:4)
  A giant cockroach (D:5)
  10 goblins (D:2)
  7 hobgoblins
  3 jackals (D:3)
  A ball python (D:4)
  2 bats
  2 frilled lizards (D:2)
  7 kobolds
  2 rats
61 creatures vanquished.

Notes
Turn   | Place    | Note
-------+----------+-------------------------------------------
     0 | D:5      | Kejsarherre the Gargoyle Delver began the quest for the
                  | Orb.
     0 | D:5      | Reached XP level 1. HP: 14/14 MP: 1/1
    34 | D:4      | Found Fofeul's Jewellery Shop.
   176 | D:4      | Noticed an iguana
   199 | D:4      | Noticed a worker ant
   279 | D:4      | Noticed a hound
   383 | D:2      | Reached XP level 2. HP: 20/20 MP: 2/2
   388 | D:2      | Found an iron altar of Okawaru.
   404 | D:2      | Noticed Robin
   406 | D:2      | Became a worshipper of Warmaster Okawaru
   436 | D:2      | Reached XP level 3. HP: 20/24 MP: 3/3
   439 | D:2      | Reached skill level 4 in Fighting
   454 | D:2      | Killed Robin
   518 | D:2      | Reached XP level 4. HP: 30/30 MP: 4/4
   657 | D:2      | Found a sparkling altar of Nemelex Xobeh.
   762 | D:2      | Found a radiant altar of Vehumet.
   914 | D:3      | Found a burning altar of Makhleb.
   988 | D:3      | Found a shimmering altar of Xom.
  1413 | D:4      | Reached XP level 5. HP: 32/34 MP: 5/5
  1577 | D:4      | Reached skill level 5 in Fighting
  1676 | D:4      | Found a snail-covered altar of Cheibriados.
  1691 | D:4      | Reached * piety under Okawaru
  1735 | D:4      | Reached XP level 6. HP: 40/40 MP: 6/6
  1739 | D:4      | Found a bloodstained altar of Trog.
  1739 | D:4      | Noticed an eye of draining
  1770 | D:4      | Killed an eye of draining
  1771 | D:4      | Reached skill level 1 in Invocations
  1772 | D:4      | Noticed an eye of draining
  1789 | D:4      | Killed an eye of draining
  1790 | D:4      | Reached skill level 6 in Fighting
  2125 | D:5      | Reached skill level 5 in Maces & Flails
  2125 | D:5      | Reached XP level 7. HP: 42/46 MP: 8/8
  2212 | D:5      | HP: 1/46 [orc priest/divine providence (16)]
  2226 | D:5      | Killed from afar by an orc priest

Illustrated notes

Levels and vault maps discovered:
D:2:      layout_basic, okawaru_metal_pillars_1_2, vehumet_crystals,
          lemuel_coloured_pillars_altar, uniq_robin
D:3:      layout_loops_ring, lemuel_doored_altar, lemuel_round_altar
D:4:      layout_basic, trog_eyes_of_draining, overflow_temple_1_default,
          serial_shops, shop
D:5:      layout_basic, minmay_temple_entry_antechambers,
          gup_sewer_entry_spiral, serial_park_tiny_2, grunt_decor_fettered

Skill      XL: |  1  2  3  4  5  6 |
---------------+-------------------+-----
Fighting       | 4 5 6 |  6.0
Maces & Flails | 3 4 5 |  5.8
Invocations    | 2 |  2.3
Dodging        | |  1.5
Stealth        | |  5.4

Action                   |  1- 3 |  4- 6 |  7- 9 || total
-------------------------+-------+-------+-------++-------
Melee: Mace              |    81 |   176 |    26 ||   283
Evoke: Wand              |     3 |       |       ||     3
  Use: Scroll            |       |     9 |       ||     9
       Potion            |       |       |     2 ||     2
 Stab: Sleeping          |     1 |     5 |       ||     6
Armor: Ring mail         |    59 |    71 |    16 ||   146
Dodge: Dodged            |    55 |    72 |    27 ||   154
Block: Other             |       |    28 |     5 ||    33
